 Dungeon Sprint DCSS version 0.31-a0-750-gfe7b580527 (webtiles) character file.

Game seed: 11071618793929783012

264 rocky1 the Grappler (level 5, -12/48 HPs)
             Began as a Troll Shapeshifter on Sept 15, 2023.
             Was an Initiate of Gozag.
             Mangled by an orc warrior
             ... wielding a +0 war axe
              (17 damage)
             ... in the Dungeon (Sprint IX: "|||||||||||||||||||||||||||||").
             The game lasted 00:01:06 (194 turns).

rocky1 the Grappler (Troll Shapeshifter)             Turns: 194, Time: 00:01:06

Health: -12/48     AC:  4    Str: 22    XL:     5   Next: 98%
Magic:  4/4        EV: 12    Int:  9    God:    Gozag
Gold:   0          SH:  0    Dex: 11    Spells: 4/4 levels left

rFire   . .          .
                       - Unarmed
rCold   . . .        (no shield)
rNeg    . . .        a - +0 animal skin
rPois   .            (helmet currently unavailable)
rElec   .            (cloak currently unavailable)
rCorr   .            (gloves unavailable)
SInv    .            (boots unavailable)
Will    .....        (no amulet)
Stlth   +            n - +3 ring of intelligence
HPRegen 1.08/turn    o - +2 ring of evasion
MPRegen 0.09/turn

%: no teleportation
@: beast-form, gold aura
A: beast (slay +4), large, unfitting armour, claws 3, regeneration 1, shaggy fur
1, tough skin 1
a: Begin Untransformation, Renounce Religion, Potion Petition, Call Merchant,
Bribe Branch


You were in the Dungeon.
You worshipped Gozag.
Gozag was noncommittal.
You were a hulking beast.
You visited 1 branch

Inventory:

Armour
 a - a +0 animal skin (worn)
Jewellery
 n - a +3 ring of intelligence (left claw)
 o - a +2 ring of evasion (right claw)
Talismans
 c - a beast talisman (active)
 d - a flux talisman
Wands
 m - a wand of light (10)
Scrolls
 j - 2 scrolls of blinking
 l - 2 scrolls of amnesia
Potions
 b - a potion of lignification
 e - 5 potions of curing
 f - 2 potions of heal wounds
 g - a potion of haste
 h - 4 potions of magic
 i - a potion of berserk rage
 k - a potion of invisibility


   Skills:
 + Level 1.2 Fighting
 + Level 3.1 Dodging
 * Level 10.1 Unarmed Combat
 + Level 7.1 Shapeshifting


You had 4 spell levels left.
You didn't know any spells.
Your spell library was empty.

Dungeon Overview and Level Annotations

Branches:
Dungeon (1/1)

Altars:
Cheibriados
Dithmenos
Elyvilon
Fedhas
Gozag
Hepliaklqana
Kikubaaqudgha
Makhleb
Nemelex Xobeh
Okawaru
Qazlal
Ru
Sif Muna
Trog
Uskayaw
Vehumet
Wu Jian
Xom
Yredelemnul
Zin
The Shining One
Jiyva
Lugonu


Innate Abilities, Weirdness & Mutations

You are a hulking beast.
Your limbs bulge with bestial killing power. (Slay +4)
You are too large for most types of armour.
You have claws for hands.
Your natural rate of healing is unusually fast.
You are covered in fur. (AC +1)
You have tough skin. (AC +1)


Message History

You barely miss the gnoll sergeant.
The gnoll sergeant hits you with a +0 trident.
The gnoll sergeant blocks your attack. The gnoll sergeant closely misses you.
You claw the gnoll sergeant!
The gnoll sergeant is heavily wounded.
The gnoll sergeant blocks your attack.
You claw the gnoll sergeant!
The gnoll sergeant is almost dead.
The gnoll sergeant hits you with a +0 trident!
Unknown command.
You feel much better.
The orc warrior is distracted by your dazzling golden aura.
The gnoll sergeant hits you with a +0 trident.
The yak is distracted by your dazzling golden aura.
The orc warrior shouts!
The yak bellows!
You scratch the gnoll sergeant but do no damage.
The gnoll sergeant is almost dead.
The orc warrior is no longer distracted by gold.
The gnoll sergeant hits you with a +0 trident!
You claw the gnoll sergeant!
You kill the gnoll sergeant!
Your Dodging skill increases to level 3!
Your Unarmed Combat skill increases to level 10!
Your Shapeshifting skill increases to level 7!
You claw the orc warrior!
The orc warrior is moderately wounded.
The orc warrior hits you with a +0 war axe!
* * * LOW HITPOINT WARNING * * *
You closely miss the orc warrior. You claw the orc warrior!!
The orc warrior is almost dead.
You barely miss the orc warrior.
The orc warrior is almost dead.
The yak is no longer distracted by gold.
The orc warrior hits you with a +0 war axe!
* * * LOW HITPOINT WARNING * * *
The yak is distracted by your dazzling golden aura.
You scratch the orc warrior but do no damage.
The orc warrior is almost dead.
The orc warrior hits you with a +0 war axe!
You die...
Your body crumbles into a pile of gold. ▓▓▓▓▓▓▓▓▓▓▓▓▓▓▓▓▓▓▓▓▓▓▓▓ ______'..).[[[..hoYY...+ ▓▓▓▓▓▓▓▓▓▓▓▓▓▓▓▓▓▓▓▓▓▓▓▓

You could see 2 yaks and an orc warrior.

Vanquished Creatures
  A vampire mosquito (D)
  A gnoll sergeant (D)
  A killer bee (D)
  2 adders (D)
  A shadow imp (D)
  A white imp (D)
  An orc (D)
  2 goblins (D)
  A jackal (D)
  A frilled lizard (D)
  A rat (D)
13 creatures vanquished.

Notes
Turn   | Place    | Note
-------+----------+-------------------------------------------
     0 | D        | rocky1 the Troll Shapeshifter began the quest for the Orb.
     0 | D        | Reached XP level 1. HP: 18/18 MP: 0/0
    11 | D        | Reached skill level 4 in Unarmed Combat
    20 | D        | Reached XP level 2. HP: 26/26 MP: 1/1
    25 | D        | Reached skill level 5 in Unarmed Combat
    28 | D        | Reached XP level 3. HP: 23/32 MP: 2/2
   132 | D        | Found a snail-covered altar of Cheibriados.
   132 | D        | Found a shadowy altar of Dithmenos.
   132 | D        | Found a white marble altar of Elyvilon.
   132 | D        | Found a blossoming altar of Fedhas.
   132 | D        | Found an opulent altar of Gozag.
   133 | D        | Found a hazy altar of Hepliaklqana.
   134 | D        | Found a viscous altar of Jiyva.
   135 | D        | Found an ancient bone altar of Kikubaaqudgha.
   136 | D        | Found a corrupted altar of Lugonu.
   137 | D        | Found a burning altar of Makhleb.
   138 | D        | Found a sparkling altar of Nemelex Xobeh.
   139 | D        | Found an iron altar of Okawaru.
   140 | D        | Became a worshipper of Gozag Ym Sagoz the Greedy
   141 | D        | Found a stormy altar of Qazlal.
   142 | D        | Found a sacrificial altar of Ru.
   143 | D        | Found a shimmering blue altar of Sif Muna.
   144 | D        | Found a bloodstained altar of Trog.
   145 | D        | Found a hide-covered altar of Uskayaw.
   146 | D        | Found a radiant altar of Vehumet.
   147 | D        | Found an ornate altar of the Wu Jian Council.
   148 | D        | Found a shimmering altar of Xom.
   149 | D        | Found a basalt altar of Yredelemnul.
   150 | D        | Found a glowing silver altar of Zin.
   151 | D        | Found a glowing golden altar of the Shining One.
   177 | D        | Noticed a vampire mosquito
   177 | D        | Noticed a killer bee
   177 | D        | Noticed a gnoll sergeant
   177 | D        | Noticed an orc warrior
   177 | D        | Noticed a yak
   177 | D        | Noticed a yak
   180 | D        | Killed a vampire mosquito
   181 | D        | Reached skill level 1 in Fighting
   181 | D        | Reached skill level 8 in Unarmed Combat
   181 | D        | Reached XP level 4. HP: 41/41 MP: 3/3
   181 | D        | Reached XP level 5. HP: 48/48 MP: 4/4
   183 | D        | Reached skill level 9 in Unarmed Combat
   191 | D        | Reached skill level 10 in Unarmed Combat
   194 | D        | Mangled by an orc warrior

Illustrated notes

Levels and vault maps discovered:
D:        linesprint [early_d, line_temple, items_1, d_10, items_2, lair_1,
          lair_end, items_3, orc_1, orc_end, items_4, d_15, swamp_1, shoals_1,
          snake_1, spider_1, d_20, vaults_1, items_5, swamp_end, shoals_end,
          snake_end, spider_end, vaults_end, d_27, items_6, zot_1, zot_end,
          crypt_end, forest_end, elf_end, slime_end, tomb_end, abyss_end,
          pan_hell_end]

Skill      XL: |  1  2  3  4  5 |
---------------+----------------+-----
Unarmed Combat | 4 5 8 10 | 10.1
Dodging        | 2 3 |  3.1
Shapeshifting  | 4 6 7 |  7.1
Fighting       | 1 |  1.2

Action                     |  1- 3 |  4- 6 || total
---------------------------+-------+-------++-------
  Melee: Unarmed           |    26 |    12 ||    38
         Punch             |       |     2 ||     2
    Use: Potion            |       |     1 ||     1
 Armour: Animal skin       |    10 |    10 ||    20
  Dodge: Dodged            |     8 |     3 ||    11

Table legend: (Time is in decaauts)
 A = Elapsed time spent in this place.
 B = Non-inter-level travel time spent in this place.
 C = Inter-level travel time spent in this place.
 D = Time resting spent in this place.
 E = Time spent auto-exploring this place.
 F = Levels seen in this place.
 G = Mean time per level.
                   A        B        C        D        E       F      G
               +--------+--------+--------+--------+--------+-----+--------+
         Total |    188 |    188 |      0 |     93 |      0 |   1 |  188.0 |
       Dungeon |    188 |    188 |      0 |     93 |      0 |   1 |  188.0 |
               +--------+--------+--------+--------+--------+-----+--------+

Top non-repeatable levels by time:
       D: 188 daAuts
